 Dungeon Crawl Stone Soup version 0.29.1-2-gbd0b4ee654 (webtiles) character file.

Game seed: 5371885240178247459

95 Icepheonix32 the Insei (level 4, -3/34 HPs)
             Began as a Demigod Transmuter on Nov 11, 2022.
             Slain by a gnoll
             ... wielding a +0 halberd
              (16 damage)
             ... on level 2 of the Dungeon.
             The game lasted 00:01:58 (2146 turns).

Icepheonix32 the Insei (Demigod Transmuter)         Turns: 2146, Time: 00:01:59

Health: -3/34      AC:  2    Str: 11    XL:     4   Next: 17%
Magic:  5/10       EV: 19    Int: 19    God:
Gold:   12         SH:  0    Dex: 19    Spells: 1/7 levels left

rFire   . . .      SeeInvis .     - Unarmed
rCold   . . .      Faith    .   (shield currently unavailable)
rNeg    . . .      Spirit   .   (body armour currently unavailable)
rPois   x          Reflect  .   (helmet currently unavailable)
rElec   .          Harm     .   (cloak currently unavailable)
rCorr   .          Rampage  .   (gloves currently unavailable)
Will    .....                   (boots currently unavailable)
Stlth   ++........              (no amulet)
HPRegen 0.11/turn               (no ring)
MPRegen 0.12/turn               (no ring)

@: spider-form (expiring)
A: venomous fangs, tiny, high MP 1, forlorn, divine attributes
a: End Transformation


You were on level 2 of the Dungeon.
You were a venomous arachnid creature.
You visited 1 branch of the dungeon, and saw 2 of its levels.

You collected 12 gold pieces.

Inventory:

Armour
 a - a +0 robe (melded)
 h - a +2 chain mail of fire resistance
Jewellery
 b - an amulet of regeneration
Scrolls
 d - 2 scrolls of identify {unknown}
 f - a scroll of poison {unknown}
 g - a scroll of teleportation {unknown}
Potions
 c - a potion of degeneration {unknown}
 e - a potion of brilliance {unknown}


   Skills:
 + Level 0.9 Fighting
 + Level 2.0 Dodging
 + Level 0.3 Stealth
 + Level 3.4 Unarmed Combat
 + Level 2.3 Spellcasting
 * Level 2.7 Transmutations
 * Level 0.6 Poison Magic


You had one spell level left.
You knew the following spells:

 Your Spells              Type           Power      Damage    Failure   Level
a - Beastly Appendage     Tmut           24%        N/A       16%         1
b - Spider Form           Tmut/Pois      8%         N/A       45%         3
c - Wereblood             Tmut           12%        N/A       22%         2

Your spell library contained the following spells:

 Spells                   Type           Power      Damage    Failure   Level
 Ice Form                 Ice/Tmut       7%         N/A       85%         4


Dungeon Overview and Level Annotations

Branches:
Dungeon (2/15)


Innate Abilities, Weirdness & Mutations

You are a venomous arachnid creature.
You have poisonous fangs.
You are tiny and dextrous.
Your spellcasting is less reliable in this form.
Your armour is entirely melded.
You are incapable of wielding weapons or throwing items.
You have an increased reservoir of magic. (+10% MP)
You shall have no god before yourself.
Your divine heritage dramatically boosts your attributes as you level up.


Message History

The gnoll is almost dead.
The gnoll barely misses you.
You hit the gnoll but do no damage.
The gnoll looks as sick as possible!
The gnoll is almost dead.
You kill the gnoll!
You have reached level 4!
Items here: )) [ †.
Okay, then.
Your transformation is almost over.
Your transformation has ended.
Your +0 robe unmelds from your body.
A gnoll is nearby!
A gnoll is nearby!
A gnoll is nearby!
Casting: Spider Form (quite dangerous; 26% risk of failure)
Confirm with . or Enter, or press ? or * to list all spells.
The spell is quite dangerous to miscast (26% risk of failure)!
Continue anyway?
You turn into a venomous arachnid creature.
Your +0 robe melds into your body.
The gnoll shouts!
The gnoll hits you with a +0 spear.
The gnoll shouts!
You hit the gnoll but do no damage.
The gnoll is poisoned.
The gnoll misses you.
You hit the gnoll.
The gnoll looks as sick as possible!
The gnoll is moderately wounded.
The gnoll barely misses you.
You hit the gnoll but do no damage.
The gnoll looks as sick as possible!
The gnoll is moderately wounded.
You hit the gnoll.
The gnoll looks as sick as possible!
The gnoll is severely wounded.
Your transformation is almost over.
The gnoll hits you from afar with a +0 halberd!
The gnoll hits you with a +0 spear.
You kill the gnoll!
The gnoll misses you.
You hit the gnoll.
The gnoll is poisoned.
The gnoll is moderately wounded.
The gnoll hits you with a +0 halberd!
You die...

#...!.... .......#
.....# #...# +# # #.###
#...### .#.#
......#.#...##.#.###
#.....#.#..........
..........#g.#.#.####
###....#.....s).......
.......#.#.#...#.....
#.......#.#.#.#.###.###
#............>.........
##...#........##)###..#
..............##<#
#...#..####..####
#............#
##...........#


You could see a gnoll (very poisoned).

Vanquished Creatures
  Terence (D:2)
  3 gnolls
  2 worms (D:1)
  3 ball pythons
  3 bats
  3 endoplasms
  A giant cockroach (D:1)
  3 hobgoblins (D:1)
  2 jackals (D:1)
  4 kobolds
  2 quokkas
  3 frilled lizards
  A goblin (D:1)
  2 rats (D:1)
33 creatures vanquished.

Notes
Turn   | Place    | Note
-------+----------+-------------------------------------------
     0 | D:1      | Icepheonix32 the Demigod Transmuter began the quest for the
                  | Orb.
     0 | D:1      | Reached XP level 1. HP: 15/15 MP: 5/5
   153 | D:1      | Reached skill level 3 in Unarmed Combat
   161 | D:1      | Reached XP level 2. HP: 13/22 MP: 7/7
  1756 | D:2      | Reached XP level 3. HP: 25/27 MP: 8/8
  1970 | D:1      | Learned a level 3 spell: Spider Form
  1973 | D:1      | Learned a level 2 spell: Wereblood
  2081 | D:2      | Noticed Terence
  2099 | D:2      | Killed Terence
  2107 | D:2      | Reached XP level 4. HP: 27/34 MP: 3/10
  2146 | D:2      | Slain by a gnoll

Illustrated notes

Levels and vault maps discovered:
D:1:      shiori_arrival_oz, layout_loops_ring, basic_ecumenical_altar,
          nicolae_wormholes
D:2:      layout_basic, kennysheep_donut, uniq_terence, uniq_natasha

Skill      XL: |  1  2  3 |
---------------+----------+-----
Transmutations | 2 |  2.7
Unarmed Combat | 3 |  3.4
Spellcasting   | 2 |  2.3
Dodging        | 2 |  2.0
Fighting       | |  0.9
Stealth        | |  0.3
Poison Magic   | |  0.6

Action                   |  1- 3 |  4- 6 || total
-------------------------+-------+-------++-------
Melee: Unarmed           |    89 |     5 ||    94
       Kick              |    13 |       ||    13
       Headbutt          |     3 |       ||     3
 Cast: Beastly Appendage |    19 |       ||    19
       Spider Form       |     2 |     1 ||     3
  Use: Potion            |     1 |       ||     1
 Stab: Sleeping          |     1 |       ||     1
Armor: Robe              |    14 |       ||    14
       Skin              |    10 |       ||    10
Dodge: Dodged            |    49 |     3 ||    52
